 Dungeon Sprint DCSS version 0.21.2 (webtiles) character file.

156 Fang the Skirmisher (level 5, -12/39 HPs)
             Began as a Gargoyle Berserker on Dec 19, 2018.
             Was a Believer of Trog.
             Mangled by a tarantella (16 damage)
             ... in the Dungeon (Sprint VII: "The Pits").
             The game lasted 00:00:34 (279 turns).

Fang the Skirmisher (Gargoyle Berserker)             Turns: 279, Time: 00:00:35

Health: -12/39     AC:  6    Str: 22    XL:     5   Next: 37%
Magic:  5/5        EV: 13    Int:  7    God:    Trog [**....]
Gold:   0          SH:  0    Dex:  9    Spells: 4/4 levels left

rFire    . . .     SeeInvis .   a - +0 hand axe
rCold    . . .     Gourm    .   (no shield)
rNeg     + . .     Faith    .   b - +0 animal skin
rPois    ∞         Spirit   .   (no helmet)
rElec    +         Reflect  .   (no cloak)
rCorr    .         Harm     .   (no gloves)
MR       .....     NoTele   +   (no boots)
Stlth    +.........             (no amulet)
HPRegen  0.13/turn              (no ring)
MPRegen  0.09/turn              (no ring)

@: confused
A: negative energy resistance 1, electricity resistance, unbreathing,
petrification resistance, rot immunity, AC +4
a: Berserk, Trog's Hand, Burn Spellbooks, Renounce Religion


You were in the Dungeon.
You worshipped Trog.
Trog was pleased with you.
You were not hungry.

You visited 1 branch

Inventory:

Hand Weapons
 a - a +0 hand axe (weapon)
Armour
 b - a +0 animal skin (worn)
Scrolls
 i - a scroll of blinking
Potions
 d - a potion of curing
 e - a potion of heal wounds
 f - a potion of haste
 g - 2 potions of magic
 h - a potion of berserk rage
 j - a potion of ambrosia {unknown}
Comestibles
 c - a ration


   Skills:
 + Level 7.8 Fighting
 + Level 6.5 Axes
 + Level 4.1 Armour
 + Level 3.4 Dodging


You had 4 spell levels left.
You didn't know any spells.

Dungeon Overview and Level Annotations

Branches:
Dungeon (1/1)

Altars:


Innate Abilities, Weirdness & Mutations

You are resistant to torment.
Your stone body is resilient. (AC +4)
You are immune to poison.
You resist negative energy. (rN+)
You are resistant to electric shocks. (rElec)
You can survive without breathing.
You are immune to petrification.
You are immune to rotting.


Message History

There is a huge open gate to the Metal Vault (Medium) here.
The tarantella bites you but does no damage.
The tarantella barely misses you.
There is a huge open gate to the Metal Vault (Medium) here.
The tarantella bites you!
* * * LOW HITPOINT WARNING * * *
You are more confused.
There is a huge open gate to the Metal Vault (Medium) here.
You bump into the metal wall.
The tarantella closely misses you. The tarantella barely misses you.
Unknown command.
The tarantella bites you.
* * * LOW HITPOINT WARNING * * *
You are more confused.
There is a huge open gate to the Metal Vault (Medium) here.
Unknown command.
You bump into the metal wall.
The tarantella bites you but does no damage.
The tarantella bites you!
You die...

##########++######
#................#
#......#..#......#
#................+
+................+
#......#..#......#
#..).[...........#
####'#####s'######
#....)..##'@#
#.......##..#
#.......##..#
#...<...##..#
#.......##..#
#.......##..#
#.......##...
##########...


You could see a tarantella.

Vanquished Creatures
  Duvessa (D)
  Dowan (D)
2 creatures vanquished.

Notes
Turn   | Place    | Note
-------+----------+-------------------------------------------
     0 | D        | Fang the Gargoyle Berserker began the quest for the Orb.
     0 | D        | Reached XP level 1. HP: 14/14 MP: 1/1
    11 | D        | Noticed Duvessa
    12 | D        | Noticed Dowan
    39 | D        | Killed Duvessa
    39 | D        | Reached skill level 6 in Fighting
    39 | D        | Reached skill level 5 in Axes
    39 | D        | Reached XP level 2. HP: 12/23 MP: 2/2
    39 | D        | Reached XP level 3. HP: 15/28 MP: 3/3
    39 | D        | Reached XP level 4. HP: 17/32 MP: 4/4
    43 | D        | Killed Dowan
    43 | D        | Reached ** piety under Trog
    43 | D        | Reached skill level 7 in Fighting
    43 | D        | Reached XP level 5. HP: 13/39 MP: 5/5
    44 | D        | Noticed a tarantella
   279 | D        | Mangled by a tarantella

Skill      XL: |  1  2  3  4 |
---------------+-------------+-----
Fighting       | 6 7 |  7.8
Axes           | 5 6 |  6.5
Armour         | 3 4 |  4.1
Dodging        | 3 |  3.4

Action                   |  1- 3 |  4- 6 || total
-------------------------+-------+-------++-------
Melee: Hand axe          |    12 |     4 ||    16
Invok: Berserk           |     1 |       ||     1
Armor: Animal skin       |     1 |     5 ||     6
Dodge: Dodged            |     4 |     5 ||     9
